 Dungeon Crawl Stone Soup version 0.30.0-19-g36f170ea60 (webtiles) character file.

Game seed: 10721386838316297210

987 MacCMillion the Zephyrmancer (level 8, -9/42 HPs)
             Began as a Tengu Air Elementalist on May 29, 2023.
             Was an Initiate of Vehumet.
             Mangled by a hornet (15 damage)
             ... on level 8 of the Dungeon.
             The game lasted 00:11:58 (6640 turns).

MacCMillion the Zephyrmancer (TeAE)                 Turns: 6640, Time: 00:11:58

Health: -9/42      AC:  4    Str:  9    XL:     8   Next: 18%
Magic:  15/15      EV: 14    Int: 17    God:    Vehumet [......]
Gold:   0          SH:  0    Dex: 15    Spells: 5/15 levels left

rFire   . . .        e - +0 dagger
rCold   + . .        (no shield)
rNeg    . . .        a - +0 robe
rPois   .            (helmet restricted)
rElec   .            s - +1 cloak
rCorr   .            (no gloves)
SInv    .            (boots unavailable)
Will    +....        (no amulet)
Stlth   ++           p - ring of willpower
HPRegen 0.27/turn    c - ring of protection from cold
MPRegen 0.14/turn

%: no passive effects
@: flying quickly and evasively, quick
A: beak, talons 3, nimble flight
a: Renounce Religion


You were on level 8 of the Dungeon.
You worshipped Vehumet.
Vehumet was noncommittal.
You visited 2 branches of the dungeon, and saw 9 of its levels.

You collected 249 gold pieces.
You spent 249 gold pieces at shops.

Inventory:

Hand Weapons
 e - a +0 dagger (weapon)
Armour
 a - a +0 robe (worn)
 s - a +1 cloak (worn)
 y - a scarf of resistance
Jewellery
 c - a ring of protection from cold (right hand)
 i - a ring of ice
 p - a ring of willpower (left hand)
 z - a ring of see invisible
Wands
 A - a wand of polymorph (2)
Scrolls
 d - 2 scrolls of noise
 f - 2 scrolls of butterflies
 g - a scroll of enchant weapon {unknown}
 h - a scroll of enchant armour
 l - a scroll of teleportation
 n - a scroll of torment {unknown}
 o - a scroll of fog {unknown}
 q - a scroll of blinking {unknown}
 r - a scroll of fear {unknown}
 w - a scroll of immolation {unknown}
 x - a scroll of silence {unknown}
Potions
 b - 3 potions of magic
 j - a potion of berserk rage
 k - a potion of degeneration
 m - 2 potions of might
 t - a potion of lignification
 u - a potion of haste
 v - 2 potions of curing {unknown}


   Skills:
 + Level 0.4 Fighting
 - Level 2.1 Dodging
 + Level 2.0 Stealth
 - Level 4.0 Spellcasting
 - Level 6.0 Conjurations
 - Level 10.0 Air Magic


You had 5 spell levels left.
You knew the following spells:

 Your Spells              Type           Power      Damage    Failure   Level
a - Shock                 Conj/Air       100%       1d9       1%          1
b - Static Discharge      Conj/Air       60%        2-5/arc   1%          2
c - Swiftness             Air            37%        N/A       1%          3
d - Airstrike             Air            18%        2d(3-19)  2%          4

Your spell library contained the following spells:

 Spells                   Type           Power      Damage    Failure   Level
 Slow                     Hex            12%        N/A       16%         1
 Blink                    Tloc           6%         N/A       24%         2
 Confusing Touch          Hex            3%         N/A       43%         3
 Vampiric Draining        Necr           3%         2d6       43%         3
 Manifold Assault         Tloc           3%         N/A       83%         4
 Storm Form               Tmut/Air       10%        N/A       100%        7


Dungeon Overview and Level Annotations

Branches:
Dungeon (9/15)             Temple (1/1) D:4
   Lair: D:8-11         Orc: D:9-12

Altars:
Ashenzari
Cheibriados
Dithmenos
Elyvilon
Gozag
Hepliaklqana
Kikubaaqudgha
Makhleb
Nemelex Xobeh
Okawaru
Qazlal
Sif Muna
Trog
Uskayaw
Vehumet
Yredelemnul
Zin
The Shining One

Shops:
D:3 ?   D:6 *

Annotations:
D:3 Natasha
D:5 Sigmund
D:8 Prince Ribbit


Innate Abilities, Weirdness & Mutations

You have a beak for a mouth.
You have claws for feet.
Your magical nature lets you fly swiftly and evasively.


Message History

The orc wizard gestures wildly while chanting.
The orc wizard flickers and vanishes!
Deactivating autopickup; reactivate with Ctrl-A.
The orc priest calls down the wrath of Beogh upon you.
You resist with some effort.
The orc priest looks braver for a moment.
The orc priest begins to cast a cantrip, but forgets the words!
The orc priest mumbles some strange prayers to Beogh against you.
Pain shoots through your body!
There is a stone staircase leading up here.
You fly upwards.
Prince Ribbit gives a loud, deep croak!
Reactivating autopickup.
There is a stone staircase leading down here.
Prince Ribbit blinks!
Prince Ribbit hops awkwardly around.
Prince Ribbit blinks!
Okay, then.
You start resting.
Prince Ribbit is nearby!
Prince Ribbit blinks!
Found a stone staircase leading down.
An orc wizard and 2 orcs come into view.
The orc wizard shouts!
The orc shouts!
You hear an angry buzzing noise.
You hear a shout!
The orc wizard points at you and mumbles some strange words.
The magic dart hits you!
The orc moves out of view.
You hear a shout!
A hornet comes into view.
Prince Ribbit blinks!
The hornet barely misses you.
Prince Ribbit blinks!
The hornet misses you. The hornet attacks as you move away!
The hornet stings you!
You feel yourself slow down.
You feel yourself speed up. The hornet closely misses you.
Prince Ribbit hits you!
* * * LOW HITPOINT WARNING * * *
Prince Ribbit attacks as you move away! Prince Ribbit hits you.
* * * LOW HITPOINT WARNING * * *
The hornet attacks as you move away! The hornet stings you!
You die...

#.#.###F# ###
#.......# ..
#.....### .#
#.###.#######.#
#.........#
#..##.##..#
.....##...F.#
#.######.#####.##
......>@F#####.#
#.#.####y......#
#.####### #o# # #
#.# ....#.##o#
#......# ###o####
.o


You could see Prince Ribbit, a hornet, an orc wizard and an orc.

Vanquished Creatures
  2 centaurs (D:5)
  2 scorpions
  2 wights (D:9)
  A killer bee (D:9)
  A gnoll bouda (D:5)
  2 hounds
  A jelly (D:4)
  3 orc priests
  Jessica (D:3)
  Terence (D:3)
  A sleepcap (D:5)
  Natasha (D:3)
  9 gnolls
  4 adders
  A shadow imp (D:5)
  A white imp (D:5)
  An ufetubus (D:6)
  4 worms
  3 dart slugs
  10 orcs
  8 endoplasms
  2 giant cockroaches
  7 goblins
  5 hobgoblins
  6 jackals
  2 quokkas
  7 ball pythons
  4 bats
  6 frilled lizards
  6 kobolds
  7 rats
111 creatures vanquished.

Notes
Turn   | Place    | Note
-------+----------+-------------------------------------------
     0 | D:1      | MacCMillion the Tengu Air Elementalist began the quest for
                  | the Orb.
     0 | D:1      | Reached XP level 1. HP: 10/10 MP: 4/4
   404 | D:1      | Reached XP level 2. HP: 15/15 MP: 3/6
  1104 | D:2      | Reached XP level 3. HP: 19/19 MP: 5/7
  1717 | D:2      | Reached XP level 4. HP: 22/24 MP: 7/9
  1991 | D:2      | Reached skill level 5 in Air Magic
  2249 | D:3      | Noticed Terence
  2486 | D:2      | Learned a level 2 spell: Static Discharge
  2490 | D:2      | Learned a level 3 spell: Swiftness
  2601 | D:3      | Gained mutation: Your magical nature lets you fly swiftly
                  | and evasively. [Tengu growth]
  2601 | D:3      | Reached XP level 5. HP: 12/28 MP: 3/10
  2854 | D:3      | Found Salugh Uqua's Magic Scroll Shoppe.
  2873 | D:3      | Killed Terence
  2949 | D:3      | Found a burning altar of Makhleb.
  2978 | D:3      | Bought a scroll of identify for 24 gold pieces
  3007 | D:3      | Found a sparkling altar of Nemelex Xobeh.
  3047 | D:3      | Noticed Natasha
  3057 | D:3      | Killed Natasha
  3325 | D:3      | Noticed Jessica
  3367 | D:3      | Killed Jessica
  3368 | D:3      | Reached XP level 6. HP: 32/32 MP: 3/12
  3656 | D:3      | Noticed Natasha
  3666 | D:3      | Reached skill level 6 in Air Magic
  3744 | D:3      | Found a glowing golden altar of the Shining One.
  3750 | D:3      | Learned a level 4 spell: Airstrike
  3945 | D:3      | Found a faded altar of an unknown god.
  4570 | D:4      | Found a bloodstained altar of Trog.
  4570 | D:4      | Found a snail-covered altar of Cheibriados.
  4572 | D:4      | Reached skill level 5 in Conjurations
  4665 | D:4      | Found a staircase to the Ecumenical Temple.
  4676 | Temple   | Entered the Ecumenical Temple
  4727 | Temple   | Became a worshipper of Vehumet
  5031 | D:4      | Reached XP level 7. HP: 36/36 MP: 10/14
  5238 | D:4      | Found an ancient bone altar of Kikubaaqudgha.
  5250 | D:5      | Entered Level 5 of the Dungeon
  5275 | D:5      | Reached skill level 7 in Air Magic
  5440 | D:5      | Found a hide-covered altar of Uskayaw.
  5443 | D:5      | Noticed a +0 hand axe
  5443 | D:5      | Noticed a +0 dagger
  5658 | D:5      | Found an opulent altar of Gozag.
  5666 | D:5      | Found an opulent altar of Gozag.
  5670 | D:5      | Found an opulent altar of Gozag.
  5675 | D:5      | Found an opulent altar of Gozag.
  5705 | D:5      | Reached skill level 8 in Air Magic
  6023 | D:5      | Reached skill level 9 in Air Magic
  6251 | D:5      | Noticed Sigmund
  6290 | D:6      | Found Icuc's Assorted Antiques.
  6294 | D:6      | Reached XP level 8. HP: 39/41 MP: 10/15
  6328 | D:6      | Bought a scroll labelled RACKUKHLOAGU for 25 gold pieces
  6328 | D:6      | Bought a glowing scarf for 200 gold pieces
  6362 | D:6      | You are sucked into a shaft and drop 3 floors!
  6405 | D:9      | Reached skill level 10 in Air Magic
  6408 | D:9      | HP: 2/42 [poisoned by a killer bee]
  6572 | D:9      | Noticed a yak
  6602 | D:8      | Noticed Prince Ribbit
  6633 | D:8      | Noticed a hornet
  6640 | D:8      | Mangled by a hornet

Illustrated notes

Levels and vault maps discovered:
D:1:      denvon_arrival_waterhouse, layout_loops_cross, nicolae_titane
D:2:      layout_rooms, feat_on_display
D:3:      layout_loops_cross, amcnicky_altar_gilded,
          mainiacjoe_overflow_catwalk_spiral,
          hellmonk_ecumenical_altar_heavens_door, serial_shops, shop,
          uniq_jessica, uniq_terence, uniq_natasha
D:4:      layout_rooms, nicolae_overflow_hidden_temple,
          chequers_temple_overflow_statue_of_worship, temple_fountains,
          serial_rivers, chequers_serial_rivers_large_b,
          chequers_serial_rivers_room_a, chequers_serial_rivers_room_b,
          chequers_serial_rivers_marsh
D:5:      layout_basic, nicolae_gozag_conspicuous_consumption,
          dancing_weapons_uskayaw, uniq_sigmund
D:6:      layout_basic, xom_butterflies, nicolae_stop_n_shop_1
D:8:      layout_loops_cross, erik_lair_island, uniq_erica, uniq_maurice,
          uniq_prince_ribbit1
D:9:      minmay_the_grid_triangle_9x9_rhombus_thin_mashed
          [minmay_the_grid_triangle_9x9_corruption,
          minmay_the_grid_triangle_9x9_prize_special,
          minmay_the_grid_triangle_9x9_flanged_cone,
          minmay_the_grid_triangle_9x9_zippers_horizontal], layout_basic,
          hangedman_abyss_or_decor_slice
Temple:   nicolae_temple_ecumenical_triangle

Skill      XL: |  1  2  3  4  5  6  7  8 |
---------------+-------------------------+-----
Conjurations   | 2 3 4 5 6 |  6.0
Air Magic      | 5 6 9 10 | 10.0
Spellcasting   | 3 4 |  4.0
Fighting       | |  0.4
Dodging        | |  2.1
Stealth        | |  2.0

Action                     |  1- 3 |  4- 6 |  7- 9 || total
---------------------------+-------+-------+-------++-------
  Melee: Dagger            |     4 |    23 |       ||    27
         Peck              |     1 |     6 |       ||     7
         Kick              |       |     9 |       ||     9
   Cast: Shock             |    65 |   149 |    39 ||   253
         Static Discharge  |       |     9 |    20 ||    29
    Use: Scroll            |       |     4 |     6 ||    10
   Stab: Sleeping          |       |     1 |       ||     1
 Armour: Robe              |     2 |     5 |     4 ||    11
  Dodge: Dodged            |    15 |    43 |    28 ||    86
